 Dungeon Crawl Stone Soup version 0.23.2-1-ga50397a6bc (webtiles) character file.

Game seed: 5667126031352991214

107 Ethylacetat the Magician (level 4, 0/30 HPs)
             Began as a Mummy Fire Elementalist on May 11, 2019.
             Killed from afar by an orc (5 damage)
             ... on level 3 of the Dungeon.
             The game lasted 00:06:14 (2102 turns).

Ethylacetat the Magician (Mummy Fire Elementalist)  Turns: 2102, Time: 00:06:14

Health: 0/30       AC:  2    Str: 11    XL:     4   Next: 57%
Magic:  0/9        EV: 12    Int: 15    God:
Gold:   157        SH:  0    Dex: 12    Spells: 7/10 levels left

rFire    x . .     SeeInvis .   b - +0 dagger
rCold    + . .     Gourm    .   (no shield)
rNeg     + + +     Faith    .   a - +0 robe
rPois    ∞         Spirit   .   (no helmet)
rElec    .         Reflect  .   g - scarf {cloud immunity}
rCorr    .         Harm     .   (no gloves)
MR       .....                  (no boots)
Stlth    ++........             (no amulet)
HPRegen  0.10/turn              (no ring)
MPRegen  0.11/turn              (no ring)

@: no status effects
A: no food or potions, fire vulnerability, cold resistance 1, negative energy
resistance 3, torment resistance, unbreathing
a: no special abilities


You were on level 3 of the Dungeon.
You were not hungry.

You visited 1 branch of the dungeon, and saw 3 of its levels.

You collected 157 gold pieces.

Inventory:

Hand Weapons
 b - a +0 dagger (weapon)
Armour
 a - a +0 robe (worn)
 g - a scarf of cloud immunity (worn)
Scrolls
 c - 2 scrolls of identify {unknown}
 d - a scroll of magic mapping {unknown}
 e - a scroll of amnesia {unknown}
 f - a scroll of remove curse {unknown}


   Skills:
 - Level 1.5 Dodging
 - Level 1.5 Stealth
 + Level 3.5 Spellcasting
 * Level 2.3 Conjurations
 * Level 3.3 Fire Magic


You had 7 spell levels left.
You knew the following spells:

 Your Spells              Type           Power        Failure   Level  Hunger
a - Flame Tongue          Conj/Fire      ##...        6%          1    N/A
b - Throw Flame           Conj/Fire      ##....       9%          2    N/A

Your spell library contained the following spells:

 Spells                   Type           Power        Failure   Level  Hunger
 Conjure Flame            Conj/Fire      ##......     17%         3    N/A
 Inner Flame              Hex/Fire       #.......     28%         3    N/A
 Sticky Flame             Conj/Fire      ##......     50%         4    N/A
 Fireball                 Conj/Fire      ##........   85%         5    N/A

Dungeon Overview and Level Annotations

Branches:
Dungeon (3/15)

Altars:


Innate Abilities, Weirdness & Mutations

You do not eat or drink.
Your flesh is vulnerable to fire.
You are immune to poison.
Your flesh is cold resistant. (rC+)
You are immune to negative energy. (rN+++)
You are immune to unholy pain and torment.
You can survive without breathing.


Message History

Aim: an orc, wielding a +0 mace and wearing a +0 leather armour The flame tongue hits the orc.
The orc is almost dead.
The orc misses you.
The orc throws an exploding tomahawk.
The exploding tomahawk hits you.
The exploding tomahawk explodes!
The explosion of tomahawk fragments engulfs you.
The orc hits you with a +0 mace!
* * * LOW HITPOINT WARNING * * *
The orc throws an exploding tomahawk.
The exploding tomahawk barely misses you.
The exploding tomahawk explodes!
The orc throws an exploding tomahawk.
The exploding tomahawk barely misses you.
The exploding tomahawk explodes!
The orc throws an exploding tomahawk.
The exploding tomahawk hits you but does no damage.
The exploding tomahawk explodes!
The explosion of tomahawk fragments engulfs you.
You die...

....#....##.####o
..........o.o..o..
#.....##.##.####.#
.........##.# .#
....#.##..#.# .# . #
#....# .# ##..## .#
####.#####.#
#....o...@.#
#######.##(#####.#
...................
######.##..####.###
#.###.## #.# #.# #..#
#.# ###'####.###.#
#....# #..##.#
#....####.##.##########


You could see an orc.

Vanquished Creatures
  An orc wizard (D:3)
  A gnoll (D:1)
  2 adders
  An ooze (D:1)
  A worm (D:2)
  2 leopard geckos (D:1)
  2 orcs (D:3)
  2 giant cockroaches
  A goblin (D:1)
  4 hobgoblins
  4 jackals (D:1)
  6 kobolds
  A quokka (D:2)
  A ball python (D:1)
  2 bats
  8 frilled lizards
  9 rats
48 creatures vanquished.

Notes
Turn   | Place    | Note
-------+----------+-------------------------------------------
     0 | D:1      | Ethylacetat the Mummy Fire Elementalist began the quest for
                  | the Orb.
     0 | D:1      | Reached XP level 1. HP: 13/13 MP: 4/4
    81 | D:1      | Reached skill level 1 in Conjurations
   160 | D:1      | Reached XP level 2. HP: 18/19 MP: 2/5
   796 | D:1      | Reached XP level 3. HP: 24/24 MP: 5/7
  1338 | D:2      | Learned a level 2 spell: Throw Flame
  1610 | D:2      | Reached XP level 4. HP: 30/30 MP: 6/9
  2102 | D:3      | Killed from afar by an orc

Skill      XL: |  1  2  3 |
---------------+----------+-----
Conjurations   | 1 2 |  2.3
Spellcasting   | 3 |  3.5
Fire Magic     | 3 |  3.3
Dodging        | |  1.5
Stealth        | |  1.5

Action                   |  1- 3 |  4- 6 || total
-------------------------+-------+-------++-------
Melee: Unarmed           |     1 |       ||     1
       Dagger            |    21 |     3 ||    24
 Cast: Flame Tongue      |    59 |     7 ||    66
       Throw Flame       |     6 |     6 ||    12
Armor: Robe              |     3 |     1 ||     4
Dodge: Dodged            |    34 |     5 ||    39
